 Dungeon Crawl Stone Soup version 0.27-a0-1149-g4505690ab0 (webtiles) character file.

Game seed: 1443971938370255456

2028 phalm the Conjurer (level 9, -12/65 HPs)
             Began as a Gnoll Conjurer on May 13, 2021.
             Was a Follower of Ashenzari.
             Mangled by Harold
             ... wielding a +0 trident
              (20 damage)
             ... on level 7 of the Dungeon.
             The game lasted 00:14:13 (7874 turns).

phalm the Conjurer (Gnoll Conjurer)                 Turns: 7874, Time: 00:14:14

Health: -12/65     AC:  5    Str:  7    XL:     9   Next: 23%
Magic:  8/18       EV: 13    Int: 24    God:    Ashenzari [*.....]
Gold:   345        SH:  5    Dex:  6    Spells: 12/21 levels left

rFire    + . .     SeeInvis .   t - +5 quick blade "Share My Paranoia" {venom, rF+ Int+4 Dex-5, rare, Comp, Evo} (curse)
rCold    . . .     Faith    .   (no shield)
rNeg     . . .     Spirit   .   a - +0 robe
rPois    .         Reflect  +   i - +0 helmet
rElec    .         Harm     .   d - +0 cloak
rCorr    .         Rampage  .   (no gloves)
Will     .....                  A - +0 pair of boots
Stlth    +++.......             p - amulet "Astral Disappointment" {Reflect SH+5, Melee, Cun} (curse)
HPRegen  0.20/turn              (no ring)
MPRegen  0.16/turn              (no ring)

@: no status effects
A: fangs 1, strong nose, distributed training
a: Renounce Religion, Curse Item, Shatter the Chains


You were on level 7 of the Dungeon.
You worshipped Ashenzari.
Ashenzari was aware of your devotion.
You visited 2 branches of the dungeon, and saw 8 of its levels.
You also visited: Sewer.

You collected 345 gold pieces.


Innate Abilities, Weirdness & Mutations

You have very sharp teeth.
Your uncanny sense of smell can sniff out nearby items.
Your experience applies equally to all skills.


   Skills:
 + Level 4.0 Fighting
 + Level 4.0(5.0) Short Blades
 + Level 4.0(5.0) Long Blades
 + Level 4.0(5.0) Axes
 + Level 4.0(5.0) Maces & Flails
 + Level 4.0(5.0) Polearms
 + Level 4.0(5.0) Staves
 + Level 4.0 Slings
 + Level 4.0 Bows
 + Level 4.0 Crossbows
 + Level 4.0 Throwing
 + Level 4.0 Armour
 + Level 6.2(7.2) Dodging
 + Level 5.9(6.9) Stealth
 + Level 4.0 Shields
 + Level 4.0(5.0) Unarmed Combat
 + Level 6.5 Spellcasting
 + Level 7.9 Conjurations
 + Level 3.3 Hexes
 + Level 3.3(4.2) Summonings
 + Level 3.3(4.2) Necromancy
 + Level 3.3 Translocations
 + Level 3.3 Transmutations
 + Level 3.3 Fire Magic
 + Level 3.3 Ice Magic
 + Level 3.3 Air Magic
 + Level 3.3 Earth Magic
 + Level 3.3 Poison Magic
 + Level 4.4 Invocations
 + Level 4.0(5.0) Evocations


You had 12 spell levels left.
You knew the following spells:

 Your Spells              Type           Power      Damage    Failure   Level
m - Magic Dart            Conj           100%       1d8       1%          1
s - Searing Ray           Conj           92%        3d6       1%          2
B - Blink                 Tloc           N/A        N/A       3%          2
X - Iskenderun's Mystic   Conj/Tloc      34%        2d8       8%          4

Your spell library contained the following spells:

 Spells                   Type           Power      Damage    Failure   Level
 Animate Skeleton         Necr           56%        N/A       1%          1
 Apportation              Tloc           46%        N/A       1%          1
 Corona                   Hex            25%        N/A       1%          1
 Summon Small Mammal      Summ           100%       N/A       1%          1
 Call Imp                 Summ           28%        N/A       1%          2
 Conjure Flame            Conj/Fire      34%        6-21      2%          3
 Dazzling Flash           Conj/Hex       68%        N/A       2%          3
 Slow                     Hex            23%        N/A       3%          2
 Mephitic Cloud           Conj/Pois/Air  31%        N/A       3%          3
 Fulminant Prism          Conj/Hex       17%        3d11      8%          4

Inventory:

Hand Weapons
 c - a +1 hunting sling of flaming
   (You found it on level 1 of the Dungeon)
 e - a +2 short sword of flaming
   (You found it on level 1 of the Dungeon)
 t - the cursed +5 quick blade "Share My Paranoia" (weapon) {venom, rF+ Int+4 Dex-5, rare, Comp, Evo}
   (You acquired it on level 6 of the Dungeon)

   It poisons the flesh of those it strikes.
   It affects your intelligence (+4).
   It affects your dexterity (-5).
   It protects you from fire.
   It has a curse which improves the following skills: Companions: Summonings
   and Necromancy.
   Evocations: Evocations.
 D - a +1 short sword of electrocution
   (You took it off a kobold in a sewer)
Missiles
 g - 3 curare-tipped darts {=f}
 o - 14 boomerangs
 s - 24 poisoned darts
Armour
 a - a +0 robe (worn)
 d - a +0 cloak (worn)
   (You found it on level 1 of the Dungeon)
 i - a +0 helmet (worn)
   (You found it on level 2 of the Dungeon)
 A - a +0 pair of boots (worn)
   (You found it on level 4 of the Dungeon)
Jewellery
 p - the cursed amulet "Astral Disappointment" (around neck) {Reflect SH+5, Melee, Cun}
   (You took it off a goblin on level 3 of the Dungeon)

   [amulet of reflection]

   It reflects blocked missile attacks.
   It affects your SH (+5).
   It has a curse which improves the following skills: Melee Combat: Short
   Blades, Long Blades, Axes, Maces & Flails, Polearms, Staves and Unarmed
   Combat.
   Cunning:   Dodging and Stealth.
Wands
 y - a wand of acid (27)
   (You found it on level 4 of the Dungeon)
Scrolls
 b - 2 scrolls of brand weapon
 k - a scroll of summoning
 m - a scroll of enchant armour
 n - 2 scrolls of amnesia
 q - 2 scrolls of magic mapping {!r}
 r - a scroll of vulnerability {!r!r}
 u - a scroll of teleportation {@r4}
 v - 2 scrolls of holy word
 w - 3 scrolls of fear
 x - 2 scrolls of enchant weapon
 C - 2 scrolls of silence {!r}
 E - 3 scrolls of blinking {!r}
Potions
 f - 4 potions of heal wounds {@q2}
 h - 4 potions of brilliance
 j - a potion of ambrosia
 l - 4 potions of curing {@q1}
 z - a potion of berserk rage {!q}
 B - 4 potions of flight
 F - a potion of resistance

Dungeon Overview and Level Annotations

Branches:
Dungeon (7/15)             Temple (1/1) D:4           Sewer (visited)

Altars:
Ashenzari
Hepliaklqana
Kikubaaqudgha
Makhleb
Okawaru
Sif Muna
Vehumet
Wu Jian
Xom

Annotations:
D:7 Harold

##
...###
....#
#@.##
##.#
####..#
#...@##
#...#.#
#....#@#
#...##.#
##..#..#
####..#
#.##
##.#
#..#
#.## #.#


You could see Harold (very poisoned).


Message History

You take 2 damage, and now have 63/65 hp.
You lost 1 mp, and now have 15/18 mp.
The magic dart hits the shadow imp.
The shadow imp gestures at you.
Pain shoots through your body! 😕 HP[-10] MP[-1]
You take 10 damage, and now have 53/65 hp.
You lost 1 mp, and now have 14/18 mp.
The magic dart hits the shadow imp.
You kill the shadow imp!
A killer bee zombie comes into view.
The magic dart hits the killer bee zombie. 😕 HP[+1] MP[-1]
You lost 1 mp, and now have 13/18 mp.
The magic dart hits the killer bee zombie. 😕 MP[-1]
You lost 1 mp, and now have 12/18 mp.
The magic dart hits the killer bee zombie.
The killer bee zombie misses you.
The killer bee zombie barely misses you. 😕 MP[-1]
You lost 1 mp, and now have 11/18 mp.
The magic dart hits the killer bee zombie.
You block the killer bee zombie's attack. 😕 MP[-1]
You lost 1 mp, and now have 10/18 mp.
The magic dart hits the killer bee zombie!
You destroy the killer bee zombie! 😕 MP[-1]
You lost 1 mp, and now have 9/18 mp.
There is an open door here.
Found a stone staircase leading up. 😎 HP[+11] MP[+9]
Your hp is fully restored (65).
Your mp is fully restored (18).
You open the door.
There is an open door here.
Harold the Weathered comes into view.
He is wielding a +0 trident.
Casting: Magic Dart (safe; 1% risk of failure)
Confirm with . or Enter, or press ? or * to list all spells.
Aiming: Searing Ray (safe; 1% risk of failure)
Press: ? - help, Shift-Dir - straight line, f - Harold
Aim: Harold, wielding a +0 trident, wearing a +0 ring mail and quivering a throwing net (asleep, 100% to hit)
The searing ray hits Harold! (Press . to maintain the ray.) Harold hits you from afar with a +0 trident! 😕 HP[-9] MP[-2]
You take 9 damage, and now have 56/65 hp.
You lost 2 mp, and now have 16/18 mp.
The searing ray hits Harold!
Harold hits you from afar with a +0 trident! 😮 HP[-10] MP[-1]
You take 10 damage, and now have 46/65 hp.
You lost 1 mp, and now have 15/18 mp.
The searing ray hits Harold.
Harold hits you from afar with a +0 trident! 😮 HP[-13] MP[-1]
You take 13 damage, and now have 33/65 hp.
You lost 1 mp, and now have 14/18 mp.
The searing ray hits Harold!
You finish channeling your searing ray.
Harold barely misses you. 😮 HP[+1] MP[-1]
You lost 1 mp, and now have 13/18 mp.
You start resting.
Harold is nearby!
You hit Harold.
Harold is poisoned. 😮 MP[+1]
You closely miss Harold. You hit Harold. Harold hits you with a +0 trident!
* * * LOW HITPOINT WARNING * * *
😨 HP[-15]
You take 15 damage, and now have 19/65 hp.
MASSIVE DAMAGE!! (PAUSE)
You barely miss Harold. You hit Harold.
Harold looks as sick as possible!
Your bite misses Harold. Harold hits you with a +0 trident!
* * * LOW HITPOINT WARNING * * *
😱 HP[-12]
You take 12 damage, and now have 7/65 hp.
Casting: Searing Ray (safe; 1% risk of failure)
Confirm with . or Enter, or press ? or * to list all spells.
You blink.
Harold throws a throwing net.
The throwing net barely misses you. 😱 HP[+1] MP[-2]
You lost 2 mp, and now have 12/18 mp.
Casting: Blink (safe; 3% risk of failure)
Confirm with . or Enter, or press ? or * to list all spells.
Aiming: Searing Ray (safe; 1% risk of failure)
Press: ? - help, Shift-Dir - straight line, f/p - Harold
Aim: Harold, wielding a +0 trident and wearing a +0 ring mail (heavily wounded, extremely poisoned, 89% to hit)
The searing ray hits Harold. (Press . to maintain the ray.) 😱 MP[-2]
You lost 2 mp, and now have 10/18 mp.
The searing ray hits Harold!
Harold looks eager to get this over with. 😱 MP[-1]
You lost 1 mp, and now have 9/18 mp.
The searing ray misses Harold.
Harold hits you from afar with a +0 trident!!
You die...

Skill      XL: |  1  2  3  4  5  6  7  8  9 |
---------------+----------------------------+-----
Spellcasting   | 5 6 |  6.5
Invocations    | 1 2 3 4 |  4.4
Fighting       | 1 2 3 4 |  4.0
Short Blades   | 1 2 3 4 |  4.0
Long Blades    | 1 2 3 4 |  4.0
Axes           | 1 2 3 4 |  4.0
Maces & Flails | 1 2 3 4 |  4.0
Polearms       | 1 2 3 4 |  4.0
Staves         | 1 2 3 4 |  4.0
Slings         | 1 2 3 4 |  4.0
Bows           | 1 2 3 4 |  4.0
Crossbows      | 1 2 3 4 |  4.0
Throwing       | 1 2 3 4 |  4.0
Armour         | 1 2 3 4 |  4.0
Shields        | 1 2 3 4 |  4.0
Unarmed Combat | 1 2 3 4 |  4.0
Evocations     | 1 2 3 4 |  4.0
Hexes          | 1 2 3 |  3.3
Summonings     | 1 2 3 |  3.3
Necromancy     | 1 2 3 |  3.3
Translocations | 1 2 3 |  3.3
Transmutations | 1 2 3 |  3.3
Fire Magic     | 1 2 3 |  3.3
Ice Magic      | 1 2 3 |  3.3
Air Magic      | 1 2 3 |  3.3
Earth Magic    | 1 2 3 |  3.3
Poison Magic   | 1 2 3 |  3.3
Dodging        | 5 6 |  6.2
Stealth        | 5 |  5.9
Conjurations   | |  7.9

Action                   |  1- 3 |  4- 6 |  7- 9 || total
-------------------------+-------+-------+-------++-------
Melee: Short sword       |       |     3 |     9 ||    12
       Bite              |       |       |     5 ||     5
       Quick blade       |       |       |    41 ||    41
 Fire: Hunting sling     |     6 |       |       ||     6
 Cast: Magic Dart        |    60 |    93 |   147 ||   300
       Searing Ray       |       |     3 |    18 ||    21
       Blink             |       |       |     1 ||     1
Invok: Curse Item        |       |       |     2 ||     2
  Use: Scroll            |       |       |     2 ||     2
Armor: Robe              |     1 |     4 |     8 ||    13
Dodge: Dodged            |     2 |     7 |    40 ||    49
Block: Other             |       |     1 |    10 ||    11
       Reflection        |       |       |     1 ||     1

Levels and vault maps discovered:
D:1:      minmay_arrival_four_loops, layout_basic,
          shapermc_ecumenical_altar_flowoftime, st_stairs_11,
          hangedman_decor_growths
D:2:      layout_basic, chequers_mini_garden, kennysheep_path_1, chequers_jeans,
          lemuel_another_geyser
D:3:      layout_basic
D:4:      layout_cave_pools, temple_doors_ab, minmay_goblin_kobold_house
D:5:      layout_basic, uniq_sigmund
D:6:      gammafunk_cloud_chamber, layout_basic, vehumet_crystals,
          general_overflow_altar, cheibrodos_sewer_entry_bend,
          hangedman_minor_gate_pass
D:7:      layout_cave_pods, lemuel_crystal_altar, grunt_ministairs_14,
          corexii_leaking_fountain, uniq_harold
Temple:   eino_temple_lava

Notes
Turn   | Place    | Note
-------+----------+-------------------------------------------
     0 | D:1      | phalm the Gnoll Conjurer began the quest for the Orb.
     0 | D:1      | Reached XP level 1. HP: 13/13 MP: 6/6
     0 | D:1      | magus.rc [v1.9.10]
   135 | D:1      | Reached XP level 2. HP: 19/19 MP: 4/7
   442 | D:1      | Found a faded altar of an unknown god.
  1312 | D:2      | Reached XP level 3. HP: 25/25 MP: 5/9
  1420 | D:2      | Reached skill level 5 in Spellcasting
  1602 | D:2      | Reached skill level 1 in Invocations
  2017 | D:2      | Reached skill level 1 in Fighting
  2017 | D:2      | Reached skill level 1 in Short Blades
  2017 | D:2      | Reached skill level 1 in Long Blades
  2017 | D:2      | Reached skill level 1 in Axes
  2017 | D:2      | Reached skill level 1 in Maces & Flails
  2017 | D:2      | Reached skill level 1 in Polearms
  2017 | D:2      | Reached skill level 1 in Staves
  2017 | D:2      | Reached skill level 1 in Slings
  2017 | D:2      | Reached skill level 1 in Bows
  2017 | D:2      | Reached skill level 1 in Crossbows
  2017 | D:2      | Reached skill level 1 in Throwing
  2017 | D:2      | Reached skill level 1 in Armour
  2017 | D:2      | Reached skill level 1 in Shields
  2017 | D:2      | Reached skill level 1 in Unarmed Combat
  2017 | D:2      | Reached skill level 1 in Evocations
  2441 | D:3      | Reached XP level 4. HP: 32/32 MP: 8/11
  3027 | D:4      | You pick up a book of Cantrips and begin reading...
  3027 | D:4      | You add the spells Corona, Animate Skeleton, Summon Small
                  | Mammal and Apportation to your library.
  3033 | D:4      | Learned a level 4 spell: Iskenderun's Mystic Blast
  3044 | D:4      | Learned a level 2 spell: Searing Ray
  3097 | D:4      | Reached skill level 1 in Hexes
  3097 | D:4      | Reached skill level 1 in Summonings
  3097 | D:4      | Reached skill level 1 in Necromancy
  3097 | D:4      | Reached skill level 1 in Translocations
  3097 | D:4      | Reached skill level 1 in Transmutations
  3097 | D:4      | Reached skill level 1 in Fire Magic
  3097 | D:4      | Reached skill level 1 in Ice Magic
  3097 | D:4      | Reached skill level 1 in Air Magic
  3097 | D:4      | Reached skill level 1 in Earth Magic
  3097 | D:4      | Reached skill level 1 in Poison Magic
  3097 | D:4      | Noticed an ogre
  3102 | D:4      | Killed an ogre
  3103 | D:4      | Reached XP level 5. HP: 37/37 MP: 4/12
  3306 | D:4      | Reached XP level 6. HP: 37/44 MP: 2/13
  3468 | D:4      | Reached skill level 2 in Invocations
  3780 | D:4      | Found a staircase to the Ecumenical Temple.
  3790 | Temple   | Entered the Ecumenical Temple
  3798 | Temple   | Became a worshipper of Ashenzari the Shackled
  3841 | D:5      | Entered Level 5 of the Dungeon
  4053 | D:5      | Noticed a water moccasin
  4061 | D:5      | Reached skill level 2 in Fighting
  4061 | D:5      | Reached skill level 2 in Short Blades
  4061 | D:5      | Reached skill level 2 in Long Blades
  4061 | D:5      | Reached skill level 2 in Axes
  4061 | D:5      | Reached skill level 2 in Maces & Flails
  4061 | D:5      | Reached skill level 2 in Polearms
  4061 | D:5      | Reached skill level 2 in Staves
  4061 | D:5      | Reached skill level 2 in Slings
  4061 | D:5      | Reached skill level 2 in Bows
  4061 | D:5      | Reached skill level 2 in Crossbows
  4061 | D:5      | Reached skill level 2 in Throwing
  4061 | D:5      | Reached skill level 2 in Armour
  4061 | D:5      | Reached skill level 5 in Dodging
  4061 | D:5      | Reached skill level 2 in Shields
  4061 | D:5      | Reached skill level 2 in Unarmed Combat
  4061 | D:5      | Reached skill level 2 in Evocations
  4061 | D:5      | Killed a water moccasin
  4147 | D:5      | Reached XP level 7. HP: 50/50 MP: 9/15
  4232 | D:5      | Noticed Sigmund
  4239 | D:5      | Killed Sigmund
  4240 | D:5      | Reached skill level 2 in Hexes
  4240 | D:5      | Reached skill level 2 in Summonings
  4240 | D:5      | Reached skill level 2 in Necromancy
  4240 | D:5      | Reached skill level 2 in Translocations
  4240 | D:5      | Reached skill level 2 in Transmutations
  4240 | D:5      | Reached skill level 2 in Fire Magic
  4240 | D:5      | Reached skill level 2 in Ice Magic
  4240 | D:5      | Reached skill level 2 in Air Magic
  4240 | D:5      | Reached skill level 2 in Earth Magic
  4240 | D:5      | Reached skill level 2 in Poison Magic
  4374 | D:5      | Identified a scroll of acquirement
  4443 | D:5      | Reached skill level 5 in Stealth
  4532 | D:5      | You pick up a book of Minor Magic and begin reading...
  4532 | D:5      | You add the spells Blink, Call Imp, Slow, Conjure Flame and
                  | Mephitic Cloud to your library.
  4536 | D:5      | Learned a level 2 spell: Blink
  4793 | D:5      | Reached skill level 3 in Invocations
  5096 | D:6      | Found a transporter.
  5136 | D:6      | Found a transporter.
  5148 | D:6      | Found a radiant altar of Vehumet.
  5183 | D:6      | Reached XP level 8. HP: 57/57 MP: 6/16
  5226 | D:6      | Found a glowing drain.
  5306 | Sewer    | Entered a sewer
  5406 | Sewer    | Reached skill level 3 in Fighting
  5406 | Sewer    | Reached skill level 3 in Short Blades
  5406 | Sewer    | Reached skill level 3 in Long Blades
  5406 | Sewer    | Reached skill level 3 in Axes
  5406 | Sewer    | Reached skill level 3 in Maces & Flails
  5406 | Sewer    | Reached skill level 3 in Polearms
  5406 | Sewer    | Reached skill level 3 in Staves
  5406 | Sewer    | Reached skill level 3 in Slings
  5406 | Sewer    | Reached skill level 3 in Bows
  5406 | Sewer    | Reached skill level 3 in Crossbows
  5406 | Sewer    | Reached skill level 3 in Throwing
  5406 | Sewer    | Reached skill level 3 in Armour
  5406 | Sewer    | Reached skill level 3 in Shields
  5406 | Sewer    | Reached skill level 3 in Unarmed Combat
  5406 | Sewer    | Reached skill level 3 in Evocations
  5524 | Sewer    | Found a glowing silver altar of Zin.
  5571 | D:6      | Acquired the +5 quick blade "phalm's Curse" {venom, rF+
                  | Int+4 Dex-5}
  5572 | D:6      | t - the +5 quick blade "phalm's Curse" {venom, rF+ Int+4
                  | Dex-5, rare}
  5573 | D:6      | the +5 quick blade "phalm's Curse" {venom, rF+ Int+4 Dex-5,
                  | rare} begins to drip with poison!
  5573 | D:6      | t - the +5 quick blade "phalm's Curse" (weapon) {venom, rF+
                  | Int+4 Dex-5, rare}
  5620 | D:6      | Your +5 quick blade "phalm's Curse" {venom, rF+ Int+4
                  | Dex-5, rare} glows black for a moment.
  5629 | D:6      | Reached skill level 6 in Spellcasting
  5748 | D:6      | Reached * piety under Ashenzari
  6531 | D:6      | Reached skill level 4 in Invocations
  6586 | D:6      | Reached skill level 3 in Hexes
  6586 | D:6      | Reached skill level 3 in Summonings
  6586 | D:6      | Reached skill level 3 in Necromancy
  6586 | D:6      | Reached skill level 3 in Translocations
  6586 | D:6      | Reached skill level 3 in Transmutations
  6586 | D:6      | Reached skill level 3 in Fire Magic
  6586 | D:6      | Reached skill level 3 in Ice Magic
  6586 | D:6      | Reached skill level 3 in Air Magic
  6586 | D:6      | Reached skill level 3 in Earth Magic
  6586 | D:6      | Reached skill level 3 in Poison Magic
  6642 | D:6      | Reached skill level 6 in Dodging
  6642 | D:6      | Reached XP level 9. HP: 65/65 MP: 13/18
  6951 | D:6      | Found an iron altar of Okawaru.
  7450 | D:7      | Reached skill level 4 in Fighting
  7450 | D:7      | Reached skill level 4 in Short Blades
  7450 | D:7      | Reached skill level 4 in Long Blades
  7450 | D:7      | Reached skill level 4 in Axes
  7450 | D:7      | Reached skill level 4 in Maces & Flails
  7450 | D:7      | Reached skill level 4 in Polearms
  7450 | D:7      | Reached skill level 4 in Staves
  7450 | D:7      | Reached skill level 4 in Slings
  7450 | D:7      | Reached skill level 4 in Bows
  7450 | D:7      | Reached skill level 4 in Crossbows
  7450 | D:7      | Reached skill level 4 in Throwing
  7450 | D:7      | Reached skill level 4 in Armour
  7450 | D:7      | Reached skill level 4 in Shields
  7450 | D:7      | Reached skill level 4 in Unarmed Combat
  7450 | D:7      | Reached skill level 4 in Evocations
  7859 | D:7      | Noticed Harold
  7870 | D:7      | HP: 7/65 [Harold/+0 trident (12)]
  7874 | D:7      | Mangled by Harold

Vanquished Creatures
  Sigmund (D:5)
  A fire bat (D:6)
  A water moccasin (D:5)
  An orc warrior (D:6)
  2 necrophages (D:6)
  A black bear (D:6)
  2 ogres
  2 centaurs
  A kobold brigand (Sewer)
  2 bullfrogs
  A scorpion (D:6)
  A wyvern skeleton (D:6)
  2 howler monkeys
  A centaur zombie (D:5)
  A hound (D:5)
  2 jellies (D:6)
  A bullfrog skeleton (D:4)
  2 iguanas
  2 scorpion zombies (D:5)
  An orc wizard (D:5)
  A killer bee zombie (D:7)
  A howler monkey skeleton (D:6)
  3 gnolls (D:6)
  6 adders
  A river rat (Sewer)
  2 shadow imps
  2 white imps
  4 ufetubi
  3 worms
  2 dart slugs (D:2)
  14 orcs
  6 bats
  4 endoplasms
  6 giant cockroaches
  12 goblins
  9 hobgoblins
  6 jackals
  2 quokkas
  7 ball pythons
  2 frilled lizards
  6 kobolds
  7 rats
134 creatures vanquished.

Table legend:
 A = Non-vault XP
 B = Vault XP
 C = Vault XP percentage of total XP
 D = Non-vault monster count
 E = Vault monster count
 F = Vault count percentage of total count
                 A         B        C        D         E       F
            +---------+---------+-------+---------+---------+-------
      Total |    1911 |     987 |  34.1 |      97 |      37 |  27.6
            +---------+---------+-------+---------+---------+-------
        D:1 |      21 |       8 |  27.6 |      13 |       5 |  27.8
        D:2 |      52 |       0 |   0.0 |      19 |       0 |   0.0
        D:3 |      21 |       0 |   0.0 |      10 |       0 |   0.0
        D:4 |     233 |      17 |   6.8 |      13 |       9 |  40.9
        D:5 |     499 |     220 |  30.6 |      20 |       1 |   4.8
        D:6 |     875 |     589 |  40.2 |      18 |       9 |  33.3
        D:7 |     210 |      41 |  16.3 |       4 |       2 |  33.3
      Sewer |       0 |     112 | 100.0 |       0 |      11 | 100.0
            +---------+---------+-------+---------+---------+-------

Illustrated notes

Table legend:
 A = Kills in this place as a percentage of kills in entire the game.
 B = Kills by you in this place as a percentage of kills by you in the entire game.
 C = Kills by friends in this place as a percentage of kills by friends in the entire game.
 D = Other kills in this place as a percentage of other kills in the entire game.
 E = Experience gained in this place as a percentage of experience gained in the entire game.
 F = Experience gained in this place divided by the number of levels of this place that you have seen.
                   A       B       C       D       E      F
               +-------+-------+-------+-------+-------+----------------------
         Total | 100.0 | 100.0 |   N/A |   N/A | 100.0 | 322.0
       Dungeon |  91.8 |  91.8 |   N/A |   N/A |  96.1 | 398.0
         Sewer |   8.2 |   8.2 |   N/A |   N/A |   3.9 | 112.0
               +-------+-------+-------+-------+-------+----------------------

Table legend: (Time is in decaauts)
 A = Elapsed time spent in this place.
 B = Non-inter-level travel time spent in this place.
 C = Inter-level travel time spent in this place.
 D = Time resting spent in this place.
 E = Time spent auto-exploring this place.
 F = Levels seen in this place.
 G = Mean time per level.
                   A        B        C        D        E       F      G
               +--------+--------+--------+--------+--------+-----+--------+
         Total |   7882 |   7636 |    246 |     64 |   6825 |   9 |  875.8 |
       Dungeon |   7579 |   7333 |    246 |     64 |   6578 |   7 | 1082.7 |
        Temple |     16 |     16 |      0 |      0 |      0 |   1 |   16.0 |
         Sewer |    286 |    286 |      0 |      0 |    247 |   1 |  286.0 |
               +--------+--------+--------+--------+--------+-----+--------+

Top non-repeatable levels by time:
     D:6: 2077 daAuts
     D:5: 1250 daAuts
     D:1: 1239 daAuts
     D:2: 1178 daAuts
     D:4: 902 daAuts
     D:3: 505 daAuts
     D:7: 425 daAuts
   Sewer: 286 daAuts
  Temple: 16 daAuts
